| TOP OF THE 1ST |
|
Princeton Rays batting - Pitching for Seattle (APP) Mariners : LHP Tristan Martin
|
|
Pitching: LHP Tristan Martin
|
|
|
Batting: RHB Luis Jara
|
0-0: Ball 1-0: Bunt missed! 1-1: Ball 2-1: Foul Ball, location: 2F 2-2: Fly out, F8 (Flyball, 8LM, EV 88.1 MPH)
|
|
Batting: RHB Ben Saxton
|
0-0: Ball 1-0: Ball 2-0: Ball 3-0: Called Strike 3-1: Called Strike 3-2: Base on Balls
|
|
Batting: LHB Dave Northam
|
0-0: Ball 1-0: Foul Ball, location: 2F 1-1: Foul Ball, location: 2F 1-2: Fly out, F6 (Popup, 56, EV 56.9 MPH)
|
|
Batting: SHB Omar Cervantes
|
0-0: Ball 1-0: 2-RUN HOME RUN (Flyball, 7LD, EV 91.2 MPH), Distance : 329 ft
|
|
Batting: RHB Toshikatsu Omori
|
0-0: Called Strike 0-1: Fly out, F7 (Flyball, 7S, EV 82.5 MPH)
|
| Top of the 1st over - 2 runs, 1 hit, 0 errors, 0 left on base; Princeton 2 - Seattle (APP) 0 |
| BOTTOM OF THE 1ST |
|
Seattle (APP) Mariners batting - Pitching for Princeton Rays : LHP Han Keijzer
|
|
Pitching: LHP Han Keijzer
|
|
|
Batting: RHB Joaquin Salazar
|
0-0: Ball 1-0: Ball 2-0: Ball 3-0: Base on Balls
|
|
Batting: RHB Rich Griffith
|
0-0: Ball Joaquin Salazar is caught stealing 2nd base 2-4 1-0: Ball 2-0: Called Strike 2-1: Ball 3-1: Base on Balls
|
|
Batting: RHB Eddie Luna
|
0-0: Foul Ball, location: 2F 0-1: Ball 1-1: Swinging Strike 1-2: Strikes out swinging
|
|
Batting: RHB Ross Hallock
|
0-0: Ball 1-0: Called Strike 1-1: Ball 2-1: Fielders Choice at 2nd, 6-4 (Groundball, 6, EV 83.8 MPH)
|
| Bottom of the 1st over - 0 runs, 0 hits, 0 errors, 1 left on base; Princeton 2 - Seattle (APP) 0 |
| TOP OF THE 2ND |
|
Princeton Rays batting - Pitching for Seattle (APP) Mariners : LHP Tristan Martin
|
|
Batting: RHB Willie Acevedo
|
0-0: Foul Ball, location: 2F 0-1: Swinging Strike 0-2: Strikes out swinging
|
|
Batting: LHB Ian Cranton
|
0-0: Called Strike 0-1: Ball 1-1: SINGLE (Groundball, 4MD, EV 100.6 MPH)
|
|
Batting: RHB Cody Gebo
|
0-0: Ball 1-0: Called Strike 1-1: Swinging Strike 1-2: Fly out, F8 (Flyball, 8RD, EV 98.1 MPH)
|
|
Batting: RHB Gilbert Hoareau
|
0-0: Foul Ball, location: 2F 0-1: Ball 1-1: Foul Ball, location: 2F 1-2: Ball 2-2: Foul Ball, location: 2F 2-2: Ball 3-2: Base on Balls Ian Cranton to second
|
|
Batting: RHB Luis Jara
|
0-0: Ball 1-0: Swinging Strike 1-1: Ball 2-1: Ball 3-1: Ground out 4-3 (Groundball, 4, EV 81.9 MPH)
|
| Top of the 2nd over - 0 runs, 1 hit, 0 errors, 2 left on base; Princeton 2 - Seattle (APP) 0 |
| BOTTOM OF THE 2ND |
|
Seattle (APP) Mariners batting - Pitching for Princeton Rays : LHP Han Keijzer
|
|
Batting: RHB Victor Rosas
|
0-0: SOLO HOME RUN (Line Drive, 7LD, EV 91.9 MPH), Distance : 345 ft
|
|
Batting: RHB Steve Carmichael
|
0-0: Called Strike 0-1: Foul Ball, location: 2F 0-2: Foul Ball, location: 2F 0-2: Fly out, F9 (Flyball, 9LMF, EV 81.2 MPH)
|
|
Batting: RHB Ziven Badersky
|
0-0: Ball 1-0: Ground out 6-3 (Groundball, 4MS, EV 90.0 MPH)
|
|
Batting: RHB Tristan Martin
|
0-0: Called Strike 0-1: Called Strike 0-2: Strikes out swinging
|
| Bottom of the 2nd over - 1 run, 1 hit, 0 errors, 0 left on base; Princeton 2 - Seattle (APP) 1 |
| TOP OF THE 3RD |
|
Princeton Rays batting - Pitching for Seattle (APP) Mariners : LHP Tristan Martin
|
|
Batting: RHB Ben Saxton
|
0-0: Ball 1-0: Foul Ball, location: 2F 1-1: Reached on error, E3 (Groundball, 3S, EV 93.8 MPH)
|
|
Batting: LHB Dave Northam
|
0-0: Foul Ball, location: 2F 0-1: Swinging Strike 0-2: Ball 1-2: Ball 2-2: Foul Ball, location: 2F 2-2: Foul Ball, location: 2F 2-2: Ball 3-2: Base on Balls Ben Saxton to second
|
|
Batting: SHB Omar Cervantes
|
0-0: Ball 1-0: Ball 2-0: Foul Ball, location: 2F 2-1: Ball 3-1: Base on Balls Ben Saxton to third Dave Northam to second
|
|
Batting: RHB Toshikatsu Omori
|
0-0: Swinging Strike 0-1: Foul Ball, location: 2F 0-2: Foul Ball, location: 2F 0-2: Ball 1-2: SINGLE (Groundball, 56S, EV 71.9 MPH) (infield hit) Ben Saxton scores Dave Northam to third Omar Cervantes to second
|
|
Batting: RHB Willie Acevedo
|
0-0: Ball 1-0: Foul Ball, location: 2F 1-1: Foul Ball, location: 2F 1-2: Ball 2-2: Ball 3-2: Strikes out swinging
|
|
Batting: LHB Ian Cranton
|
0-0: Called Strike 0-1: Swinging Strike 0-2: Ball 1-2: Foul Ball, location: 2F 1-2: GRAND SLAM HOME RUN (Flyball, 89XD, EV 97.5 MPH), Distance : 407 ft
|
|
Pitching: RHP Jayden Ross
|
|
|
Batting: RHB Cody Gebo
|
0-0: Ground out 5-3 (Groundball, 56, EV 85.6 MPH)
|
|
Batting: RHB Gilbert Hoareau
|
0-0: Ball 1-0: Ball 2-0: Called Strike 2-1: Ball 3-1: Base on Balls
|
|
Batting: RHB Luis Jara
|
0-0: Called Strike Gilbert Hoareau steals 2nd base (no throw) 0-1: Ball 1-1: Ground out U3 (Groundball, 3, EV 91.9 MPH)
|
| Top of the 3rd over - 5 runs, 2 hits, 1 error, 1 left on base; Princeton 7 - Seattle (APP) 1 |
| BOTTOM OF THE 3RD |
|
Seattle (APP) Mariners batting - Pitching for Princeton Rays : LHP Han Keijzer
|
|
Batting: LHB Garrett Dodge
|
0-0: Ball 1-0: Hit by Pitch
|
|
Batting: RHB Joaquin Salazar
|
0-0: Ball 1-0: Foul Ball, location: 2F 1-1: Ball 2-1: Swinging Strike 2-2: Strikes out swinging
|
|
Batting: RHB Rich Griffith
|
0-0: Ball 1-0: Ground out 5-3 (Groundball, 56S, EV 62.5 MPH) Garrett Dodge to second
|
|
Batting: RHB Eddie Luna
|
0-0: Called Strike 0-1: Ground out 5-3 (Groundball, 56, EV 84.4 MPH)
|
| Bottom of the 3rd over - 0 runs, 0 hits, 0 errors, 1 left on base; Princeton 7 - Seattle (APP) 1 |
| TOP OF THE 4TH |
|
Princeton Rays batting - Pitching for Seattle (APP) Mariners : RHP Jayden Ross
|
|
Batting: RHB Ben Saxton
|
0-0: Ball 1-0: Foul Ball, location: 2F 1-1: Called Strike 1-2: Foul Ball, location: 2F 1-2: Foul Ball, location: 2F 1-2: Ball 2-2: Ball 3-2: Base on Balls
|
|
Batting: LHB Dave Northam
|
0-0: Fielders Choice at 2nd, 6-4 (Groundball, 6, EV 81.9 MPH)
|
|
Batting: SHB Omar Cervantes
|
0-0: Called Strike 0-1: Ball 1-1: Swinging Strike 1-2: Ball 2-2: Ball 3-2: Fly out, F7 (Flyball, 7S, EV 97.5 MPH)
|
|
Batting: RHB Toshikatsu Omori
|
0-0: Ball Wild Pitch! Dave Northam to second 1-0: Ball 2-0: Ball 3-0: Called Strike 3-1: 2-RUN HOME RUN (Flyball, 7D, EV 93.8 MPH), Distance : 374 ft
|
|
Batting: RHB Willie Acevedo
|
0-0: Foul Ball, location: 2F 0-1: Ground out 6-3 (Groundball, 6, EV 87.5 MPH)
|
| Top of the 4th over - 2 runs, 1 hit, 0 errors, 0 left on base; Princeton 9 - Seattle (APP) 1 |
| BOTTOM OF THE 4TH |
|
Seattle (APP) Mariners batting - Pitching for Princeton Rays : LHP Han Keijzer
|
|
Batting: RHB Ross Hallock
|
0-0: Fly out, F9 (Flyball, 9, EV 91.9 MPH)
|
|
Batting: RHB Victor Rosas
|
0-0: Called Strike 0-1: Ground out U3 (Groundball, 34S, EV 77.5 MPH)
|
|
Batting: RHB Steve Carmichael
|
0-0: Swinging Strike 0-1: Ball 1-1: Swinging Strike 1-2: Ball 2-2: Fly out, F9 (Flyball, 89M, EV 83.1 MPH)
|
| Bottom of the 4th over - 0 runs, 0 hits, 0 errors, 0 left on base; Princeton 9 - Seattle (APP) 1 |
| TOP OF THE 5TH |
|
Princeton Rays batting - Pitching for Seattle (APP) Mariners : RHP Jayden Ross
|
|
Batting: LHB Ian Cranton
|
0-0: Called Strike 0-1: Called Strike 0-2: Ground out U3 (Groundball, 34, EV 95.0 MPH)
|
|
Batting: RHB Cody Gebo
|
0-0: Foul Ball, location: 2F 0-1: Ball 1-1: Swinging Strike 1-2: Ball 2-2: Fly out, F6 (Popup, 6S, EV 81.2 MPH)
|
|
Batting: RHB Gilbert Hoareau
|
0-0: Ground out 4-3 (Groundball, 4, EV 100.6 MPH)
|
| Top of the 5th over - 0 runs, 0 hits, 0 errors, 0 left on base; Princeton 9 - Seattle (APP) 1 |
| BOTTOM OF THE 5TH |
|
Seattle (APP) Mariners batting - Pitching for Princeton Rays : LHP Han Keijzer
|
|
Batting: RHB Ziven Badersky
|
0-0: Ball 1-0: Ball 2-0: Called Strike 2-1: Ball 3-1: Base on Balls
|
|
Batting: RHB Tristan Martin
|
0-0: Called Strike 0-1: Grounds into double play, 6-4-3 (Groundball, 6M, EV 96.2 MPH)
|
|
Batting: LHB Garrett Dodge
|
0-0: Foul Ball, location: 2F 0-1: Ball 1-1: Ball 2-1: Foul Ball, location: 2F 2-2: Ball 3-2: Ground out 1-3 (Groundball, 13S, EV 70.0 MPH)
|
| Bottom of the 5th over - 0 runs, 0 hits, 0 errors, 0 left on base; Princeton 9 - Seattle (APP) 1 |
| TOP OF THE 6TH |
|
Princeton Rays batting - Pitching for Seattle (APP) Mariners : RHP Jayden Ross
|
|
Pitching: LHP David Reyes
|
|
|
Batting: RHB Luis Jara
|
0-0: Called Strike 0-1: Ball 1-1: Called Strike 1-2: Strikes out swinging
|
|
Batting: RHB Ben Saxton
|
0-0: Ball 1-0: Called Strike 1-1: Called Strike 1-2: Foul Ball, location: 2F 1-2: Ball 2-2: Ball 3-2: Base on Balls
|
|
Batting: LHB Dave Northam
|
0-0: Called Strike 0-1: Swinging Strike 0-2: Strikes out swinging
|
|
Batting: SHB Omar Cervantes
|
0-0: Ball 1-0: Ball 2-0: Foul Ball, location: 2F 2-1: Ball 3-1: Ground out 3-1 (Groundball, 34, EV 80.6 MPH)
|
| Top of the 6th over - 0 runs, 0 hits, 0 errors, 1 left on base; Princeton 9 - Seattle (APP) 1 |
| BOTTOM OF THE 6TH |
|
Seattle (APP) Mariners batting - Pitching for Princeton Rays : LHP Han Keijzer
|
|
Batting: RHB Joaquin Salazar
|
0-0: Ball 1-0: SINGLE (Groundball, 34D, EV 106.9 MPH)
|
|
Batting: RHB Rich Griffith
|
0-0: SINGLE (Groundball, 4MD, EV 104.4 MPH) Joaquin Salazar to second Runner from 2nd tries for 3rd, OUT! 8-5
|
|
Batting: RHB Eddie Luna
|
0-0: Ball Rich Griffith steals 2nd base 1-0: Ball 2-0: Ball 3-0: Called Strike 3-1: Base on Balls
|
|
Batting: RHB Ross Hallock
|
0-0: Foul Ball, location: 2F 0-1: SINGLE (Groundball, 6S, EV 69.4 MPH) (infield hit) Rich Griffith to third Eddie Luna to second
|
|
Batting: RHB Victor Rosas
|
0-0: Swinging Strike 0-1: Fly out, F8 (Flyball, 8RM, EV 91.2 MPH) Runner from 3rd tags up, SCORES, no throw by CF
|
|
Batting: RHB Steve Carmichael
|
0-0: Ball 1-0: Swinging Strike 1-1: Ball 2-1: Ball 3-1: Foul Ball, location: 2F 3-2: Foul Ball, location: 2F 3-2: Base on Balls Eddie Luna to third Ross Hallock to second
|
|
Batting: RHB Ziven Badersky
|
0-0: Ball 1-0: Ground out 4-3 (Groundball, 4, EV 86.9 MPH)
|
| Bottom of the 6th over - 1 run, 3 hits, 0 errors, 3 left on base; Princeton 9 - Seattle (APP) 2 |
| TOP OF THE 7TH |
|
Princeton Rays batting - Pitching for Seattle (APP) Mariners : LHP David Reyes
|
|
Pinch Hitting: RHB Joel Wittmier
|
0-0: Ball 1-0: Ball 2-0: Ball 3-0: Called Strike 3-1: Base on Balls
|
|
Pitching: RHP Paul Cahill
|
|
|
Batting: RHB Willie Acevedo
|
0-0: Grounds into double play, 5-4-3 (Groundball, 56S, EV 85.0 MPH)
|
|
Batting: LHB Ian Cranton
|
0-0: Ball 1-0: Ball 2-0: Called Strike 2-1: Swinging Strike 2-2: Ball 3-2: Strikes out swinging
|
| Top of the 7th over - 0 runs, 0 hits, 0 errors, 0 left on base; Princeton 9 - Seattle (APP) 2 |
| BOTTOM OF THE 7TH |
|
Seattle (APP) Mariners batting - Pitching for Princeton Rays : LHP Han Keijzer
|
|
Now at 1B: Joel Wittmier
|
|
|
Batting: RHB Tristan Martin
|
0-0: Ground out 4-3 (Groundball, 34, EV 103.8 MPH)
|
|
Batting: LHB Garrett Dodge
|
0-0: Called Strike 0-1: Ball 1-1: Swinging Strike 1-2: Ball 2-2: Foul Ball, location: 2F 2-2: Strikes out swinging
|
|
Pitching: LHP Joel Brown
|
|
|
Batting: RHB Joaquin Salazar
|
0-0: Foul Ball, location: 2F 0-1: Foul Ball, location: 2F 0-2: Ball 1-2: Ball 2-2: SINGLE (Groundball, 6M, EV 103.1 MPH) (infield hit)
|
|
Batting: RHB Rich Griffith
|
0-0: Ball Joaquin Salazar steals 2nd base (no throw) 1-0: Ball 2-0: Called Strike 2-1: Ground out U3 (Groundball, 34S, EV 88.8 MPH)
|
| Bottom of the 7th over - 0 runs, 1 hit, 0 errors, 1 left on base; Princeton 9 - Seattle (APP) 2 |
| TOP OF THE 8TH |
|
Princeton Rays batting - Pitching for Seattle (APP) Mariners : RHP Paul Cahill
|
|
Pinch Hitting: SHB Dan Trainer
|
0-0: Swinging Strike 0-1: Called Strike 0-2: Ball 1-2: Ball 2-2: Ball 3-2: Base on Balls
|
|
Batting: RHB Gilbert Hoareau
|
0-0: Fielders Choice at 2nd, 4-6 (Groundball, 4, EV 85.6 MPH)
|
|
Batting: RHB Luis Jara
|
0-0: Swinging Strike 0-1: Ball 1-1: Ball 2-1: SINGLE (Groundball, 56D, EV 80.6 MPH) (infield hit) Gilbert Hoareau to second
|
|
Batting: RHB Ben Saxton
|
0-0: Ball 1-0: Ball 2-0: Foul Ball, location: 2F 2-1: Ball 3-1: Base on Balls Gilbert Hoareau to third Luis Jara to second
|
|
Batting: LHB Dave Northam
|
0-0: Swinging Strike 0-1: Called Strike 0-2: Ball 1-2: Strikes out swinging
|
|
Batting: SHB Omar Cervantes
|
0-0: Ball 1-0: Foul Ball, location: 2F 1-1: GRAND SLAM HOME RUN (Flyball, 89XD, EV 105.6 MPH), Distance : 405 ft
|
|
Batting: RHB Joel Wittmier
|
0-0: Called Strike 0-1: SINGLE (Line Drive, 6D, EV 98.8 MPH)
|
|
Batting: RHB Willie Acevedo
|
0-0: Called Strike 0-1: Fielders Choice at 2nd, 6-4 (Groundball, 6, EV 85.0 MPH)
|
| Top of the 8th over - 4 runs, 3 hits, 0 errors, 1 left on base; Princeton 13 - Seattle (APP) 2 |
| BOTTOM OF THE 8TH |
|
Seattle (APP) Mariners batting - Pitching for Princeton Rays : LHP Joel Brown
|
|
Now in LF: Carlos Ruelas
|
|
|
Pinch Hitting: RHB Jwahir Pili
|
0-0: Fly out, F6 (Line Drive, 6D, EV 73.1 MPH)
|
|
Pinch Hitting: RHB Neal Perucci
|
0-0: Ball 1-0: Ball 2-0: Called Strike 2-1: Foul Ball, location: 2F 2-2: Ground out U3 (Groundball, 34, EV 96.9 MPH)
|
|
Batting: RHB Victor Rosas
|
0-0: Ball 1-0: Called Strike 1-1: SOLO HOME RUN (Flyball, 7D, EV 100.0 MPH), Distance : 377 ft
|
|
Batting: RHB Steve Carmichael
|
0-0: Ground out 6-3 (Groundball, 6, EV 88.8 MPH)
|
| Bottom of the 8th over - 1 run, 1 hit, 0 errors, 0 left on base; Princeton 13 - Seattle (APP) 3 |
| TOP OF THE 9TH |
|
Princeton Rays batting - Pitching for Seattle (APP) Mariners : RHP Paul Cahill
|
|
Now at 1B: Frank Amato
|
|
|
Now at 3B: Jwahir Pili
|
|
|
Now at SS: Ziven Badersky
|
|
|
Batting: LHB Ian Cranton
|
0-0: Swinging Strike 0-1: Ball 1-1: Foul Ball, location: 2F 1-2: Foul Ball, location: 2F 1-2: Ball 2-2: Foul Ball, location: 2F 2-2: Ground out 6-3 (Groundball, 6, EV 88.8 MPH)
|
|
Pitching: RHP Domingo Maldonado
|
|
|
Pinch Hitting: LHB Jonathan Watt
|
0-0: Ball 1-0: Fly out, F8 (Flyball, 8LM, EV 86.2 MPH)
|
|
Batting: RHB Gilbert Hoareau
|
0-0: Ball 1-0: Called Strike 1-1: Ball 2-1: Foul Ball, location: 2F 2-2: Strikes out swinging
|
| Top of the 9th over - 0 runs, 0 hits, 0 errors, 0 left on base; Princeton 13 - Seattle (APP) 3 |
| BOTTOM OF THE 9TH |
|
Seattle (APP) Mariners batting - Pitching for Princeton Rays : LHP Joel Brown
|
|
Now in LF: Jeff Standridge
|
|
|
Batting: RHB Ziven Badersky
|
0-0: Called Strike 0-1: Swinging Strike 0-2: Strikes out swinging
|
|
Batting: LHB Yoshihisa Kobayashi
|
0-0: Ball 1-0: TRIPLE (Flyball, 89XD, EV 91.9 MPH)
|
|
Pinch Hitting: RHB Carlton McDonald
|
0-0: Ball 1-0: Called Strike 1-1: Ball 2-1: Foul Ball, location: 2F 2-2: SINGLE (Groundball, 6S, EV 75.0 MPH) (infield hit) Yoshihisa Kobayashi scores
|
|
Pinch Runner at 1st William Gonzales:
|
|
|
Batting: RHB Joaquin Salazar
|
0-0: Ball 1-0: Ball 2-0: Fielders Choice at 2nd, 4-6 (Groundball, 4, EV 96.2 MPH)
|
|
Batting: RHB Rich Griffith
|
0-0: Ball Wild Pitch! Joaquin Salazar to second 1-0: Ball Wild Pitch! Joaquin Salazar to third 2-0: Ball 3-0: Called Strike 3-1: Foul Ball, location: 2F 3-2: Fly out, F8 (Flyball, 8RM, EV 90.0 MPH)
|
| Bottom of the 9th over - 1 run, 2 hits, 0 errors, 1 left on base; Princeton 13 - Seattle (APP) 4 |
|